 Dungeon Crawl Stone Soup version 0.29-a0-378-gc08b2e8bf8 (webtiles) character file.

Game seed: 7028660995207465930

36190 Pelinal the Spear-Bearer (level 13, -4/79 HPs)
             Began as a Merfolk Ice Elementalist on May 5, 2022.
             Was a Believer of Kikubaaqudgha.
             Slain by a blink frog (9 damage)
             ... on level 5 of the Lair of Beasts.
             The game lasted 01:03:51 (17613 turns).

Pelinal the Spear-Bearer (MfIE)                    Turns: 17613, Time: 01:03:52

Health: -4/79      AC: 15    Str:  9    XL:     13   Next: 88%
Magic:  17/23      EV: 14    Int: 23    God:    Kikubaaqudgha [**....]
Gold:   1126       SH: 13    Dex: 17    Spells: 7/26 levels left

rFire   . . .      SeeInvis .   M - +1 trident (flame)
rCold   + . .      Faith    .   U - +0 kite shield
rNeg    . . .      Spirit   .   E - +1 ring mail {rPois}
rPois   +          Reflect  .   c - +2 helmet {Int+3}
rElec   +          Harm     .   f - +0 cloak
rCorr   .          Rampage  .   (no gloves)
Will    .....                   (no boots)
Stlth   ++++......              v - amulet of regeneration
HPRegen 1.03/turn               O - ring of wizardry
MPRegen 0.18/turn               m - ring of Heresy {Drain rElec rC+ Int+4 Stlth+}

@: ice-armoured, freezing walls
A: (nimble swimmer 2), mertail
a: Renounce Religion, Receive Corpses


You were on level 5 of the Lair of Beasts.
You worshipped Kikubaaqudgha.
Kikubaaqudgha was pleased with you.
You visited 3 branches of the dungeon, and saw 16 of its levels.
You also visited: Sewer.

You collected 1178 gold pieces.
You spent 52 gold pieces at shops.

Inventory:

Hand Weapons
 M - a +1 trident of flaming (weapon)
Missiles
 e - 18 poisoned darts
 i - 339 stones
 z - 2 curare-tipped darts
 H - 10 boomerangs
 I - a throwing net
 K - 2 silver javelins
Armour
 a - a +4 chain mail
 c - a +2 helmet of intelligence (worn)
 f - a +0 cloak (worn)
 E - a +1 ring mail of poison resistance (worn)
 N - a +2 leather armour of willpower
 U - a +0 kite shield (worn)
 V - the +1 robe of the Game of Life {Archmagi}
   (You found it on level 5 of the Lair of Beasts)

   Archmagi:  It increases the power of your magical spells.
Jewellery
 d - a ring of flight
 j - a ring of ice
 m - the ring of Heresy (right hand) {Drain rElec rC+ Int+4 Stlth+}
   (You found it on level 9 of the Dungeon)

   [ring of protection from cold]

   Int:       It affects your intelligence (+4).
   rC:        It protects you from cold.
   rElec:     It insulates you from electricity.
   Drain:     It drains your maximum health when unequipped.
   Stlth:     It makes you more stealthy.
 p - a ring of protection from fire
 r - a ring of fire
 v - an amulet of regeneration (around neck)
 J - an amulet of guardian spirit
 L - a ring of willpower
 O - a ring of wizardry (left hand)
Wands
 w - a wand of polymorph (6)
 P - a wand of iceblast (9)
 Q - a wand of flame (9)
 S - a wand of charming (5)
Scrolls
 g - 7 scrolls of immolation
 h - 2 scrolls of poison
 k - 2 scrolls of enchant armour
 n - 2 scrolls of silence
 t - 2 scrolls of blinking
 u - 3 scrolls of magic mapping
 y - a scroll of vulnerability
 D - 5 scrolls of identify
 F - 2 scrolls of teleportation
 R - a scroll of torment
 T - 3 scrolls of fog
Potions
 b - 4 potions of magic
 l - 2 potions of flight
 o - 3 potions of lignification
 q - a potion of curing
 s - 2 potions of invisibility
 x - a potion of attraction
 A - 3 potions of brilliance
 B - 2 potions of cancellation
 C - a potion of ambrosia
 G - 2 potions of haste


   Skills:
 - Level 14.0 Polearms
 + Level 2.0 Armour
 * Level 11.6 Dodging
 - Level 5.8 Stealth
 * Level 11.8 Shields
 - Level 7.1 Spellcasting
 + Level 4.6 Conjurations
 - Level 7.0 Necromancy
 - Level 8.4 Ice Magic


You had 7 spell levels left.
You knew the following spells:

 Your Spells              Type           Power      Damage    Failure   Level
a - Freeze                Ice            100%       1d11      1%          1
b - Frozen Ramparts       Ice            92%        1d11      1%          3
c - Ozocubu's Armour      Ice            46%        N/A       1%          3
d - Corpse Rot            Necr/Air       48%        N/A       6%          2
e - Ensorcelled Hibernat  Hex/Ice        54%        N/A       4%          2
f - Hailstorm             Conj/Ice       38%        3d9       12%         4
g - Vampiric Draining     Necr           40%        2d8       2%          3
z - Animate Skeleton      Necr           80%        N/A       1%          1

Your spell library contained the following spells:

 Spells                   Type           Power      Damage    Failure   Level
 Sublimation of Blood     Necr           40%        N/A       1%          2
 Magic Dart               Conj           100%       1d8       2%          1
 Searing Ray              Conj           58%        2d6       4%          2
 Dazzling Flash           Conj/Hex       38%        N/A       19%         3
 Passwall                 Tmut/Erth      6%         N/A       26%         2
 Poisonous Vapours        Pois/Air       16%        N/A       26%         2
 Agony                    Necr           40%        N/A       26%         5
 Gell's Gravitas          Tloc           8%         N/A       43%         3
 Swiftness                Air            8%         N/A       43%         3
 Teleport Other           Tloc           8%         N/A       43%         3
 Fulminant Prism          Conj/Hex       9%         3d7       52%         4
 Borgnjor's Vile Clutch   Necr/Erth      12%        N/A       69%         5
 Alistair's Intoxication  Tmut/Pois      5%         N/A       98%         5
 Silence                  Hex/Air        4%         N/A       98%         5
 Dispersal                Tloc           4%         N/A       100%        6
 Eringya's Noxious Bog    Tmut/Pois      4%         N/A       100%        6


Dungeon Overview and Level Annotations

Branches:
Dungeon (10/15)            Temple (1/1) D:5            Lair (5/6) D:8
  Swamp (0/4) Lair:2       Spider (0/4) Lair:4        Slime (0/5) Lair:5
    Orc (0/2) D:9           Sewer (visited)

Altars:
Ashenzari
Cheibriados
Dithmenos
Elyvilon
Fedhas
Gozag
Hepliaklqana
Kikubaaqudgha
Makhleb
Nemelex Xobeh
Okawaru
Qazlal
Ru
Trog
Uskayaw
Vehumet
Wu Jian
Xom
Yredelemnul
Zin
The Shining One
Beogh

Shops:
D:2 !   D:4 [

Annotations:
D:2 1 runed translucent door, exclusion: door, Crazy Yiuf
D:5 Dowan, Duvessa
D:10 3 runed translucent doors, Lodul; Taurus's ghost, novice MiBe; hgbash's ghost, journeyman DjIE; kevlar127's ghost, journeyman TrBe; spaghetti's ghost, journeyman OgCj


Innate Abilities, Weirdness & Mutations

((You are very nimble when in or above water. (Stealth+, EV+, Speed+++)))
Your lower body shifts to a powerful aquatic tail in water.


Message History

The blink frog is lightly wounded.
You block the blink frog's attack. x2
You miss the blink frog.
The blink frog is lightly wounded.
You block the blink frog's attack. x2
You closely miss the blink frog.
The blink frog is lightly wounded.
The blink frog hits you. You block the blink frog's attack.
You hit the blink frog. You burn the blink frog.
The blink frog is lightly wounded.
You block the blink frog's attack. The blink frog completely misses you.
You block the blink frog's attack.
The blink frog blinks!
The blink frog hits you.
The blink frog blinks!
The blink frog completely misses you. The blink frog barely misses you.
The blink frog blinks!
Your magical contamination has completely faded away.
The blink frog blinks!
You block the blink frog's attack. Magic courses through your body.
The blink frog hits you!
The blink frog blinks!
Unknown command.
Casting: Freeze (safe; 1% risk of failure)
Confirm with . or Enter, or press ? or * to list all spells.
Casting: Frozen Ramparts (safe; 1% risk of failure)
Press: ? - help, Dir - look around, f - activate The walls around you are covered in ice.
The wall freezes the blink frog.
You block the blink frog's attack.
The wall freezes the blink frog.
The blink frog hits you!
* * * LOW HITPOINT WARNING * * *
The wall freezes the blink frog!
The blink frog barely misses you.
Unknown command.
Casting: Frozen Ramparts (safe; 1% risk of failure)
Confirm with . or Enter, or press ? or * to list all spells.
A film of ice covers your body!
The wall freezes the blink frog.
The blink frog hits you!
* * * LOW HITPOINT WARNING * * *
The wall freezes the blink frog.
The blink frog seems to slow down.
The blink frog hits you!
You die...
Kikubaaqudgha rasps: "You have failed me!
Welcome... death!"

#.............#
##............##.
#............#..#.
#.................
#.##.F.............
####.........P.#...
#............###..
####...F.......#....
#...§.#@.#..........
##.P..F####......##
##...P.## #≈≈≈≈≈≈#
#.......# #≈≈≈≈≈≈#
#.......# ≈c≈≈≈≈≈≈#
##......#≈≈≈≈≈≈≈≈≈#
#......#≈≈#c≈≈c≈≈≈#
#.......#≈##.._.c#≈≈
##......## #.....##≈


You could see 3 blink frogs.

Vanquished Creatures
  Fannar (D:10)
  2 boulder beetles
  The ghost of osinmv the Geomancer, a journeyman DEEE of Vehumet (Lair:2)
  4 hydras
  2 two-headed ogres
  Erica (Lair:1)
  4 death yaks (Lair:3)
  3 black mambas
  10 elephants
  2 torpor snails
  7 cane toads
  2 rime drakes (Lair:1)
  7 komodo dragons
  2 polar bears
  A hornet (D:4)
  3 blink frogs (Lair:4)
  A wraith (D:9)
  38 yaks
  4 basilisks
  4 wyverns
  Eustachio (D:6)
  4 vampire mosquitoes (Lair:2)
  16 water moccasins
  An ice beast (D:6)
  3 black bears
  11 orc warriors
  9 ogres
  4 centaurs
  11 wolves (Lair:2)
  3 kobold brigands
  8 bullfrogs
  A gnoll sergeant (D:8)
  A necrophage (D:7)
  13 scorpions
  10 killer bees (D:9)
  2 howler monkeys
  An electric eel (Lair:1)
  8 hounds
  14 orc priests
  4 jellies
  2 iguanas
  Jessica (D:3)
  10 orc wizards
  Robin (D:2)
  8 gnolls
  12 river rats
  9 adders
  2 shadow imps
  3 ufetubi
  6 worms
  2 dart slugs
  46 orcs
  10 ball pythons
  11 bats
  7 endoplasms
  8 giant cockroaches
  16 goblins
  13 hobgoblins
  4 jackals (D:5)
  27 kobolds
  7 quokkas
  4 frilled lizards
  22 rats
  A butterfly (Lair:5)
456 creatures vanquished.

Vanquished Creatures (collateral kills)
  A black mamba (Lair:3)
  A komodo dragon (Lair:3)
  2 blink frogs (Lair:4)
  A yak (Lair:4)
  A bullfrog (Lair:3)
6 creatures vanquished.

Vanquished Creatures (others)
  A bush (Lair:3)
  25 fungi
  42 plants
  A withered plant (D:10)
69 creatures vanquished.

Grand Total: 531 creatures vanquished

Notes
Turn   | Place    | Note
-------+----------+-------------------------------------------
     0 | D:1      | Pelinal the Merfolk Ice Elementalist began the quest for
                  | the Orb.
     0 | D:1      | Reached XP level 1. HP: 13/13 MP: 3/3
   180 | D:1      | Reached XP level 2. HP: 19/19 MP: 1/5
   416 | D:1      | Got the Incunabulum of the Voyage and Feathers
   424 | D:1      | Reached XP level 3. HP: 22/24 MP: 0/6
   429 | D:1      | Learned a level 3 spell: Frozen Ramparts
   623 | D:1      | Found a faded altar of an unknown god.
   955 | D:2      | Reached skill level 5 in Ice Magic
  1101 | D:2      | Found a runed translucent door.
  1102 | D:2      | Noticed Crazy Yiuf
  1425 | D:2      | Reached XP level 4. HP: 30/30 MP: 5/7
  1806 | D:2      | Noticed Robin
  1819 | D:2      | Killed Robin
  2014 | D:2      | Found Huniw's Distillery.
  2024 | D:2      | Bought a potion of degeneration for 13 gold pieces
  2024 | D:2      | Bought a potion of curing for 39 gold pieces
  2030 | D:2      | Reached XP level 5. HP: 35/35 MP: 9/9
  2539 | D:3      | You are sucked into a shaft and drop 3 floors!
  2541 | D:6      | Noticed a centaur
  2555 | D:5      | Entered Level 5 of the Dungeon
  2555 | D:5      | Noticed Duvessa
  2555 | D:5      | Noticed Dowan
  2619 | D:6      | Noticed Eustachio
  2720 | D:5      | Found a staircase to the Ecumenical Temple.
  2721 | D:5      | Found a glowing silver altar of Zin.
  2740 | Temple   | Entered the Ecumenical Temple
  3021 | D:5      | Reached XP level 6. HP: 40/41 MP: 0/10
  3105 | D:4      | Found Qezxaci's Armour Shop.
  3110 | D:4      | Noticed a water moccasin
  3119 | D:4      | Killed a water moccasin
  3186 | D:4      | Found a sparkling altar of Nemelex Xobeh.
  3186 | D:4      | Found a white marble altar of Elyvilon.
  3276 | D:4      | Found a glowing drain.
  3283 | Sewer    | Entered a sewer
  3356 | Sewer    | Reached XP level 7. HP: 46/46 MP: 7/12
  3361 | Sewer    | Learned a level 3 spell: Ozocubu's Armour
  3566 | Sewer    | Reached skill level 5 in Stealth
  4176 | D:4      | Noticed a hornet
  4248 | D:3      | Noticed Jessica
  4254 | D:3      | Killed Jessica
  4860 | D:4      | Paralysed by a hornet for 2 turns
  4862 | D:4      | Killed a hornet
  4863 | D:4      | Reached XP level 8. HP: 17/52 MP: 7/14
  5146 | D:4      | Found an iron altar of Okawaru.
  5160 | D:4      | Identified the +5 hand axe of Flawed Execution {venom,
                  | Drain Will++ Int+3 Dex-5 Stlth+}
  5545 | D:5      | Reached skill level 1 in Polearms
  5564 | D:5      | Reached skill level 2 in Polearms
  5931 | D:5      | Reached skill level 3 in Polearms
  6164 | D:5      | Reached skill level 4 in Polearms
  6223 | D:5      | Reached skill level 5 in Polearms
  6223 | D:5      | Reached skill level 5 in Dodging
  6262 | D:5      | Reached skill level 6 in Polearms
  6268 | D:5      | Reached XP level 9. HP: 48/57 MP: 12/15
  6326 | D:5      | Reached skill level 7 in Polearms
  6715 | D:6      | Found a snail-covered altar of Cheibriados.
  6867 | D:6      | Reached skill level 8 in Polearms
  7504 | D:6      | Killed Eustachio
  7631 | D:7      | Found a burning altar of Makhleb.
  7672 | D:7      | Reached skill level 9 in Polearms
  7758 | D:7      | Learned a level 2 spell: Poisonous Vapours
  7818 | D:7      | Found a bloodstained altar of Trog.
  7896 | D:7      | Found a radiant altar of Vehumet.
  7923 | D:7      | Found a glowing golden altar of the Shining One.
  8075 | D:7      | Reached skill level 10 in Polearms
  8643 | D:7      | Reached XP level 10. HP: 42/63 MP: 10/16
  8645 | D:7      | Reached skill level 11 in Polearms
  8914 | D:8      | Found a staircase to the Lair.
  8932 | D:8      | Reached skill level 12 in Polearms
  9140 | D:8      | Reached skill level 13 in Polearms
  9142 | D:8      | Reached skill level 10 in Dodging
  9432 | D:8      | Noticed a two-headed ogre
  9446 | D:8      | Killed a two-headed ogre
  9447 | D:8      | Reached skill level 1 in Shields
  9758 | D:9      | Reached skill level 14 in Polearms
  9836 | D:9      | Identified the ring of Heresy {Drain rElec rC+ Int+4
                  | Stlth+}
  9887 | D:9      | Reached XP level 11. HP: 33/68 MP: 17/17
  9956 | D:9      | Reached skill level 5 in Shields
 10503 | D:9      | Found a staircase to the Orcish Mines.
 10578 | D:10     | Entered Level 10 of the Dungeon
 10583 | D:10     | Found an ancient bone altar of Kikubaaqudgha.
 10583 | D:10     | Noticed Lodul
 10583 | D:10     | Noticed Fannar
 11493 | D:10     | Found a runed translucent gate.
 11493 | D:10     | Found a runed translucent gate.
 11493 | D:10     | Noticed spaghetti's ghost (journeyman OgCj)
 11494 | D:10     | Found a runed translucent gate.
 11494 | D:10     | Noticed hgbash's ghost (journeyman DjIE)
 11494 | D:10     | Noticed Taurus's ghost (novice MiBe)
 11495 | D:10     | Noticed kevlar127's ghost (journeyman TrBe)
 11567 | D:10     | Killed Fannar
 11611 | D:10     | Noticed a two-headed ogre
 11635 | D:10     | Killed a two-headed ogre
 11734 | D:10     | Became a worshipper of Kikubaaqudgha
 11779 | Lair:1   | Entered Level 1 of the Lair of Beasts
 11893 | Lair:1   | Reached skill level 10 in Shields
 12015 | Lair:1   | Reached XP level 12. HP: 41/74 MP: 14/18
 12216 | Lair:1   | Noticed a boulder beetle
 12328 | Lair:1   | Noticed Erica
 12334 | Lair:1   | Learned a level 2 spell: Corpse Rot
 12451 | Lair:1   | Reached skill level 1 in Necromancy
 12552 | Lair:1   | Noticed a four-headed hydra
 12560 | Lair:1   | Killed a four-headed hydra
 12635 | Lair:1   | Reached skill level 5 in Spellcasting
 12873 | Lair:1   | Killed a boulder beetle
 12986 | Lair:1   | Killed Erica
 13117 | Lair:2   | Learned a level 2 spell: Ensorcelled Hibernation
 13122 | Lair:2   | Learned a level 4 spell: Hailstorm
 13205 | Lair:2   | Reached skill level 1 in Conjurations
 13373 | Lair:2   | Reached * piety under Kikubaaqudgha
 13373 | Lair:2   | Received a gift from Kikubaaqudgha
 13410 | Lair:2   | Noticed osinmv's ghost (journeyman DEEE)
 13418 | Lair:2   | Noticed a seven-headed hydra
 13422 | Lair:2   | Found a runed translucent gate.
 13422 | Lair:2   | Found a runed translucent gate.
 13422 | Lair:2   | Found a runed translucent gate.
 13459 | Lair:2   | Killed a seven-headed hydra
 13463 | Lair:2   | Killed osinmv's ghost
 13531 | Lair:2   | Reached skill level 5 in Necromancy
 14000 | Lair:2   | Found a staircase to the Swamp.
 14159 | Lair:2   | Noticed a boulder beetle
 14349 | Lair:2   | Killed a boulder beetle
 14350 | Lair:2   | Reached XP level 13. HP: 34/79 MP: 12/22
 14396 | Lair:2   | Learned a level 1 spell: Animate Skeleton
 15903 | Lair:4   | Reached ** piety under Kikubaaqudgha
 16147 | Lair:4   | Found a hole to the Spider Nest.
 16206 | Lair:4   | Reached skill level 1 in Armour
 16515 | Lair:4   | Learned a level 3 spell: Vampiric Draining
 17412 | Lair:5   | Identified the +1 robe of the Game of Life {Archmagi}
 17509 | Lair:5   | Found a staircase to the Slime Pits.
 17582 | Lair:5   | Found a sacrificial altar of Ru.
 17613 | Lair:5   | Slain by a blink frog

Illustrated notes

Levels and vault maps discovered:
D:1:      saegor_arrival_simple_b, layout_rooms,
          hellmonk_ecumenical_altar_crossroads, hex_intersection,
          chequers_serial_rivers_marsh
D:2:      layout_basic, serial_shops, nicolae_shop_trees,
          minmay_split_cup_large, uniq_crazy_yiuf_cottage, uniq_robin
D:3:      layout_basic, amcnicky_mini_pool_small, uniq_jessica
D:4:      layout_cave_pools, amethyst_overflow_temple_binary,
          okawaru_ov_weapons_minmay, serial_shops, shop_fountains,
          gup_sewer_entry_bubbles, minmay_misc_feat_roman,
          kennysheep_generic_room_3
D:5:      minmay_bubble_buster, layout_cave_pools,
          mainiacjoe_overflow_six_doors_small, minmay_temple_entry_grid,
          dreamdust_princess_bridge, lemuel_flame_loot_1, uniq_duvessa
D:6:      layout_loops_corners, mainiacjoe_overflow_alcove_1, uniq_eustachio
D:7:      layout_loops_cross, nicolae_overflow_hidden_temple,
          mainiacjoe_overflow_catch_the_wave, marbit_many_paths
D:8:      layout_basic, minmay_lair_entry_grove, chequers_avenue
D:9:      layout_irregular_city, minmay_orc_entry_temple_large
D:10:     layout_cave_pods, kiku_gazebo_pond_becter, led_sif_book,
          gammafunk_ghost_cemetery, special_room [special_room_orc],
          uniq_fannar, uniq_lodul, uniq_psyche, uniq_sonja
Temple:   jpeg_temple_clearing
Lair:1:   layout_roguey, beast_lair_carwin_6, serial_bayou_shore_a,
          serial_bayou_shore_b, lemuel_fruit_tree, grunt_megastairs_5,
          infiniplex_staircase_pool_2, uniq_erica
Lair:2:   layout_misc_corridors, minmay_swamp_entry_swarm,
          gammafunk_ghost_split, wad_woods_road_03
Lair:3:   layout_cave_pods, gauntlet_entry_generic
Lair:4:   layout_concentric_octagons, nicolae_spider_entry_non_spiders,
          grunt_megastairs_3
Lair:5:   layout_cave_pods, nicolae_slime_entry_slimehenge,
          portal_ice_cave_demonic_guard, lemuel_centaur_altar,
          lemuel_fruit_fields

Skill      XL: |  1  2  3  4  5  6  7  8  9 10 11 12 13 |
---------------+----------------------------------------+-----
Dodging        | 3 5 8 10 11 | 11.6
Ice Magic      | 5 6 7 8 |  8.4
Stealth        | 3 4 5 |  5.8
Spellcasting   | 3 4 6 7 |  7.1
Polearms       | 6 10 14 | 14.0
Shields        | 3 10 11 | 11.8
Necromancy     | 5 7 |  7.0
Conjurations   | 2 4 |  4.6
Armour         | 2 |  2.0

Action                   |  1- 3 |  4- 6 |  7- 9 | 10-12 | 13-15 || total
-------------------------+-------+-------+-------+-------+-------++-------
Melee: Unarmed           |     3 |       |       |       |       ||     3
       Dagger            |     4 |    72 |    56 |       |       ||   132
       Tailslap          |       |     2 |     1 |     5 |       ||     8
       Punch             |       |     1 |     4 |     1 |       ||     6
       Trident           |       |       |   177 |   658 |   324 ||  1159
       Spear             |       |       |    17 |       |       ||    17
Throw: Boomerang         |       |       |     3 |       |       ||     3
       Dart              |       |       |     1 |       |       ||     1
       Stone             |       |       |     1 |       |       ||     1
       Throwing net      |       |       |     1 |       |       ||     1
 Cast: Freeze            |    55 |    33 |    22 |    13 |    40 ||   163
       Frozen Ramparts   |       |    10 |    40 |    62 |    28 ||   140
       Ozocubu's Armour  |       |       |    13 |    45 |    21 ||    79
       Poisonous Vapours |       |       |     4 |       |       ||     4
       Hailstorm         |       |       |       |     3 |     4 ||     7
       Corpse Rot        |       |       |       |     3 |     3 ||     6
       Ensorcelled Hiber |       |       |       |     2 |     1 ||     3
       Animate Skeleton  |       |       |       |       |    23 ||    23
       Vampiric Draining |       |       |       |       |     5 ||     5
Invok: Receive Corpses   |       |       |       |       |     2 ||     2
Evoke: Wand              |       |       |       |    11 |       ||    11
  Use: Scroll            |     3 |     3 |     6 |    20 |       ||    32
       Potion            |       |       |     2 |     6 |     3 ||    11
 Stab: Sleeping          |     4 |     5 |    14 |     9 |     3 ||    35
       Distracted        |       |       |     1 |     4 |       ||     5
       Invisible         |       |       |       |     2 |       ||     2
Armor: Robe              |    14 |    19 |    60 |       |       ||    93
       Leather armour    |       |       |    27 |   102 |     4 ||   133
       Ring mail         |       |       |       |       |    83 ||    83
Dodge: Dodged            |    30 |    71 |   233 |   308 |   133 ||   775
Block: Kite shield       |       |       |       |   246 |   185 ||   431

Table legend: (Time is in decaauts)
 A = Elapsed time spent in this place.
 B = Non-inter-level travel time spent in this place.
 C = Inter-level travel time spent in this place.
 D = Time resting spent in this place.
 E = Time spent auto-exploring this place.
 F = Levels seen in this place.
 G = Mean time per level.
                   A        B        C        D        E       F      G
               +--------+--------+--------+--------+--------+-----+--------+
         Total |  17231 |  16463 |    768 |   1804 |   9350 |  17 | 1013.6 |
       Dungeon |  10680 |  10048 |    632 |   1266 |   5819 |  10 | 1068.0 |
        Temple |    188 |    170 |     18 |      0 |    160 |   1 |  188.0 |
          Lair |   5644 |   5526 |    118 |    495 |   3077 |   5 | 1128.8 |
         Sewer |    717 |    717 |      0 |     43 |    293 |   1 |  717.0 |
               +--------+--------+--------+--------+--------+-----+--------+

Top non-repeatable levels by time:
     D:9: 1733 daAuts
     D:2: 1548 daAuts
  Lair:4: 1521 daAuts
  Lair:3: 1388 daAuts
  Lair:2: 1311 daAuts
     D:6: 1303 daAuts
     D:5: 1271 daAuts
  Lair:1: 1225 daAuts
     D:7: 1092 daAuts
     D:8: 930 daAuts
     D:4: 883 daAuts
     D:1: 843 daAuts
     D:3: 811 daAuts
   Sewer: 717 daAuts
    D:10: 264 daAuts
